 Dungeon Sprint DCSS version 0.30-a0-920-g7493c07aab (webtiles) character file.

Game seed: 12202518615006930979

278 BigDaddyOpFi the Blocker (level 9, 0/69 HPs)
             Began as an Octopode Fighter on Mar 21, 2023.
             Was a Priest of Qazlal.
             Slain by the 26-headed Lernaean hydra (6 damage)
             ... in the Dungeon (Sprint VI: "Thunderdome").
             The game lasted 00:02:03 (652 turns).

BigDaddyOpFi the Blocker (Octopode Fighter)          Turns: 652, Time: 00:02:03

Health: 0/69       AC:  1    Str: 14    XL:     9   Next: 1%
Magic:  16/16      EV: 23    Int: 25    God:    Qazlal [***...]
Gold:   205        SH: 16    Dex: 17    Spells: 8/8 levels left

rFire   . . .      SeeInvis .    c - +0 broad axe (venom)
rCold   . . .      Faith    .    b - +0 buckler
rNeg    . . .      Spirit   .    (helmet restricted)
rPois   +          Reflect  +    p - amulet of Morruh {Reflect rPois SH+5}
rElec   .          Rampage  .    d - ring "Ytsymy" {rPois Str-5 Int+6 Slay+5 Stlth+}
rCorr   .          NoTele   +    n - ring of Yczetipn {rPois Int+6 Dex+5}
Will    .....                    o - ring "Ucat" {EV+5 Int+3 Slay+2}
Stlth   +++                      (no ring)
HPRegen 0.31/turn                (no ring)
MPRegen 0.15/turn                (no ring)
                                 (no ring)
                                 (no ring)

@: no status effects
A: almost no armour, amphibious, 8 rings, camouflage 1, gelatinous body 1,
(nimble swimmer 1), tentacles
a: Renounce Religion, Upheaval, Elemental Force


You were in the Dungeon.
You worshipped Qazlal.
Qazlal was most pleased with you.
You visited 1 branch You collected 600 gold pieces.
You spent 395 gold pieces at shops.

Inventory:

Hand Weapons
 c - a +0 broad axe of venom (weapon)
Armour
 b - a +0 buckler (worn)
Jewellery
 d - the ring "Ytsymy" (left tentacle) {rPois Str-5 Int+6 Slay+5 Stlth+}
   (You bought it in a shop in the Dungeon)

   [ring of intelligence]

   Str:       It affects your strength (-5).
   Int:       It affects your intelligence (+6).
   Slay:      It affects your accuracy & damage with ranged weapons and melee
   (+5).
   rPois:     It protects you from poison.
   Stlth:     It makes you more stealthy.
 n - the ring of Yczetipn (right tentacle) {rPois Int+6 Dex+5}
   (You bought it in a shop in the Dungeon)

   [ring of intelligence]

   Int:       It affects your intelligence (+6).
   Dex:       It affects your dexterity (+5).
   rPois:     It protects you from poison.
 o - the ring "Ucat" (on tentacle) {EV+5 Int+3 Slay+2}
   (You bought it in a shop in the Dungeon)

   [ring of evasion]

   EV:        It affects your evasion (+5).
   Int:       It affects your intelligence (+3).
   Slay:      It affects your accuracy & damage with ranged weapons and melee
   (+2).
 p - the amulet of Morruh (around mantle) {Reflect rPois SH+5}
   (You bought it in a shop in the Dungeon)

   [amulet of reflection]

   It reflects blocked missile attacks.
   rPois:     It protects you from poison.
   SH:        It affects your SH (+5).
Wands
 k - a wand of acid (5)
 l - a wand of iceblast (5)
Scrolls
 i - 4 scrolls of blinking
 m - 3 scrolls of fog
Potions
 e - a potion of heal wounds
 f - 3 potions of haste
 g - 2 potions of magic
 h - a potion of berserk rage
 j - a potion of resistance


   Skills:
 + Level 9.4 Fighting
 + Level 9.1 Axes
 + Level 9.4 Dodging
 + Level 9.5 Shields
 * Level 9.5 Invocations


You had 8 spell levels left.
You didn't know any spells.
Your spell library was empty.

Dungeon Overview and Level Annotations

Branches:
Dungeon (1/1)

Altars:
Cheibriados
Dithmenos
Fedhas
Gozag
Kikubaaqudgha
Makhleb
Okawaru
Qazlal
Ru
Sif Muna
Trog
Uskayaw
Vehumet
Wu Jian
Xom
Yredelemnul
Zin
The Shining One
Lugonu

Shops:
D *[??*?*:[((!!!!

Annotations:
D Lernaean hydra


Innate Abilities, Weirdness & Mutations

You cannot wear most types of armour.
You are amphibious.
You can wear up to eight rings at the same time.
Your skin changes colour to match your surroundings (Stealth+).
Your rubbery body absorbs attacks. (AC +1, EV +1)
((You are camouflaged when in or above water. (Stealth+)))
You have tentacles for arms and can constrict up to eight enemies at once.


Message History

Things that are here:
a +0 short sword of distortion; 4 curare-tipped darts; the kobold corpse of Sonja You now have 300 gold pieces (gained 200).
There is a corrupted altar of Lugonu here.
There is a shadowy altar of Dithmenos here.
There is an entrance to Hueq's Magic Scroll Shop here.
a - a scroll of brand weapon Thank you for shopping at Hueq's Magic Scroll Shop!
As you read the scroll of brand weapon, it crumbles to dust.
Your +0 broad axe drips with poison.
c - a +0 broad axe of venom (weapon)
Unknown command.
There is a shadowy altar of Dithmenos here.
You start resting.
Magic restored.
You start resting.
Get ready!
You start resting.
ROUND 5!
BOSS ROUND!
You sense a tension in the west.
You hear a deafening roar!
The 27-headed Lernaean hydra comes into view.
There is a corrupted altar of Lugonu here.
You hack one of the 27-headed Lernaean hydra's heads off!
You slash the 26-headed Lernaean hydra!
The 26-headed Lernaean hydra is lightly wounded.
You block the 26-headed Lernaean hydra's attack. x2
The 26-headed Lernaean hydra bites you!
The 26-headed Lernaean hydra completely misses you. x2
The 26-headed Lernaean hydra bites you but does no damage.
The 26-headed Lernaean hydra misses you.
You block the 26-headed Lernaean hydra's attack.
The 26-headed Lernaean hydra misses you.
The 26-headed Lernaean hydra bites you! x2
* * * LOW HITPOINT WARNING * * *
The 26-headed Lernaean hydra misses you.
The 26-headed Lernaean hydra bites you!
* * * LOW HITPOINT WARNING * * *
The 26-headed Lernaean hydra bites you.
You die...

#### ##⌠⌠⌠## #.....#
##.....## ##∩.....∩##
#∩.......∩# #_......._#
#_......._# #@......._#
###D........###
#§...........⌠#
######.8..)......8.######
##.__.......###......_._∩#
###∩........8.# #.8........∩
##.............###...........
#⌠..........###...###........
#⌠..........# #.<.# #........


You could see the 26-headed Lernaean hydra.

Vanquished Creatures
  Sonja (D)
  A kobold demonologist (D)
  A queen bee (D)
  A phantom (D)
  2 kobold brigands (D)
  A necrophage (D)
  A wight (D)
  5 killer bees (D)
  4 jellies (D)
  A bat skeleton (D)
  An endoplasm (D)
  A ball python skeleton (D)
  2 kobolds (D)
  A quokka skeleton (D)
23 creatures vanquished.

Notes
Turn   | Place    | Note
-------+----------+-------------------------------------------
     0 | D        | BigDaddyOpFi the Octopode Fighter began the quest for the
                  | Orb.
     0 | D        | Reached XP level 1. HP: 16/16 MP: 1/1
     4 | D        | Found a bloodstained altar of Trog.
     4 | D        | Found a corrupted altar of Lugonu.
     5 | D        | Found a blossoming altar of Fedhas.
     5 | D        | Found an ornate altar of the Wu Jian Council.
     5 | D        | Round 1.
     6 | D        | Found a hide-covered altar of Uskayaw.
     6 | D        | Found a snail-covered altar of Cheibriados.
     6 | D        | Found Restanua's Identification Station.
     6 | D        | Noticed a jelly
     7 | D        | Found Teeqirghavi's Jewellery.
     7 | D        | Found Huxeadwy's Advanced Armour.
     9 | D        | Found a shadowy altar of Dithmenos.
    12 | D        | Killed a jelly
    13 | D        | Reached XP level 2. HP: 6/22 MP: 2/2
    13 | D        | Reached XP level 3. HP: 8/27 MP: 3/3
    19 | D        | Bought a coiled amber ring for 45 gold pieces
    19 | D        | Identified the ring "Ytsymy" {rPois Str-5 Int+6 Slay+5
                  | Stlth+} (You bought it in a shop in the Dungeon)
    19 | D        | Bought a bound granite ring for 45 gold pieces
    19 | D        | Identified the ring of Yczetipn {rPois Int+6 Dex+5} (You
                  | bought it in a shop in the Dungeon)
    19 | D        | Bought a fine golden ring for 45 gold pieces
    19 | D        | Identified the ring "Ucat" {EV+5 Int+3 Slay+2} (You bought
                  | it in a shop in the Dungeon)
    19 | D        | Bought a bound tin amulet for 45 gold pieces
    19 | D        | Identified the amulet of Morruh {Reflect rPois SH+5} (You
                  | bought it in a shop in the Dungeon)
   105 | D        | Found an ancient bone altar of Kikubaaqudgha.
   105 | D        | Found a burning altar of Makhleb.
   105 | D        | Found a shimmering altar of Xom.
   105 | D        | Found Hueq's Magic Scroll Shop.
   105 | D        | Found Nuytygen's Staff Store.
   106 | D        | Found Qinuytopp's Magic Scroll Shop.
   106 | D        | Found Musm's Must-Have Magic.
   113 | D        | Reached XP level 4. HP: 31/34 MP: 4/4
   114 | D        | Found an opulent altar of Gozag.
   116 | D        | Found a sacrificial altar of Ru.
   117 | D        | Found Meddeptu's Distillery.
   117 | D        | Found a glowing golden altar of the Shining One.
   117 | D        | Found a radiant altar of Vehumet.
   117 | D        | Found a shimmering blue altar of Sif Muna.
   117 | D        | Found Vihib Detu's Do-It-Yourself Clinic.
   118 | D        | Found Daapraaf's Distillery.
   118 | D        | Found Xiehuena's Bottled Wisdom.
   122 | D        | Found an iron altar of Okawaru.
   144 | D        | Reached skill level 5 in Fighting
   144 | D        | Reached skill level 5 in Dodging
   144 | D        | Reached skill level 5 in Shields
   149 | D        | Arena points: 12 (+12) [x2]
   150 | D        | Reached skill level 5 in Axes
   150 | D        | Reached XP level 5. HP: 19/39 MP: 5/5
   164 | D        | Round 2.
   170 | D        | Found a glowing silver altar of Zin.
   170 | D        | Noticed a phantom
   171 | D        | Found a stormy altar of Qazlal.
   173 | D        | Found a basalt altar of Yredelemnul.
   173 | D        | Found Nuuhon's Premium Goods.
   173 | D        | Found Sistaf's Weapon Rack.
   178 | D        | Found Muemn's Miscellaneous Merchandise.
   178 | D        | Found Teolero's Basic Armour.
   179 | D        | Killed a phantom
   185 | D        | Reached XP level 6. HP: 43/49 MP: 6/6
   186 | D        | Arena points: 54 (+42) [x3]
   193 | D        | Became a worshipper of Qazlal Stormbringer
   244 | D        | Round 3.
   245 | D        | Noticed a queen bee
   263 | D        | Killed a queen bee
   263 | D        | Reached * piety under Qazlal
   264 | D        | Reached skill level 5 in Invocations
   264 | D        | Reached XP level 7. HP: 41/55 MP: 6/10
   386 | D        | Reached ** piety under Qazlal
   386 | D        | Arena points: 138 (+84) [x4]
   405 | D        | Bought a +0 broad axe for 120 gold pieces
   462 | D        | Round 4.
   569 | D        | Noticed a kobold demonologist
   573 | D        | Noticed a hellwing
   579 | D        | Killed a kobold demonologist
   580 | D        | Reached XP level 8. HP: 55/62 MP: 13/13
   610 | D        | Reached *** piety under Qazlal
   614 | D        | Noticed Sonja
   621 | D        | Killed Sonja
   621 | D        | Arena points: 278 (+140) [x5]
   622 | D        | Reached XP level 9. HP: 49/69 MP: 13/16
   632 | D        | Bought a scroll of brand weapon for 95 gold pieces
   649 | D        | Round 5.
   650 | D        | Noticed the 27-headed Lernaean hydra
   652 | D        | Slain by the 26-headed Lernaean hydra

Illustrated notes

Levels and vault maps discovered:
D:        arena_sprint

Skill      XL: |  1  2  3  4  5  6  7  8 |
---------------+-------------------------+-----
Fighting       | 4 5 7 8 9 |  9.4
Axes           | 3 4 5 6 7 8 9 |  9.1
Dodging        | 4 5 7 8 9 |  9.4
Shields        | 4 5 7 8 9 |  9.5
Invocations    | 5 7 9 |  9.5

Action                     |  1- 3 |  4- 6 |  7- 9 || total
---------------------------+-------+-------+-------++-------
  Melee: War axe           |     5 |    25 |     8 ||    38
         Tentacles         |     3 |     6 |     8 ||    17
         Constrict         |       |     4 |     7 ||    11
         Broad axe         |       |       |    17 ||    17
    Use: Potion            |     1 |     5 |       ||     6
         Scroll            |       |       |     1 ||     1
 Armour: Skin              |       |       |     1 ||     1
  Dodge: Dodged            |     2 |    20 |    23 ||    45
  Block: Buckler           |     2 |    19 |    19 ||    40
         Reflection        |       |       |     1 ||     1

Table legend: (Time is in decaauts)
 A = Elapsed time spent in this place.
 B = Non-inter-level travel time spent in this place.
 C = Inter-level travel time spent in this place.
 D = Time resting spent in this place.
 E = Time spent auto-exploring this place.
 F = Levels seen in this place.
 G = Mean time per level.
                   A        B        C        D        E       F      G
               +--------+--------+--------+--------+--------+-----+--------+
         Total |    642 |    642 |      0 |    370 |      0 |   1 |  642.0 |
       Dungeon |    642 |    642 |      0 |    370 |      0 |   1 |  642.0 |
               +--------+--------+--------+--------+--------+-----+--------+

Top non-repeatable levels by time:
       D: 642 daAuts
